 Dungeon Crawl Stone Soup version 0.26-a0-450-ge645bd13c1 (webtiles) character file.

Game seed: 9729567150763010615

95 Morbidden the Conjurer (level 4, 0/24 HPs)
             Began as a Deep Elf Conjurer on July 27, 2020.
             Slain by an orc wizard
             ... wielding a +0 dagger of venom
              (3 damage)
             ... on level 2 of the Dungeon.
             The game lasted 00:02:37 (1710 turns).

Morbidden the Conjurer (Deep Elf Conjurer)          Turns: 1710, Time: 00:02:38

Health: 0/24       AC:  2    Str:  5    XL:     4   Next: 40%
Magic:  0/11       EV: 13    Int: 23    God:
Gold:   82         SH:  0    Dex: 13    Spells: 7/10 levels left

rFire    . . .     SeeInvis .   k - +0 long sword
rCold    . . .     Faith    .   (no shield)
rNeg     . . .     Spirit   .   a - +0 robe
rPois    .         Reflect  .   (no helmet)
rElec    .         Harm     .   (no cloak)
rCorr    .                      (no gloves)
MR       .....                  (no boots)
Stlth    ++........             (no amulet)
HPRegen  0.08/turn              (no ring)
MPRegen  0.12/turn              (no ring)

@: brilliant
A: no striking features
a: no special abilities


You were on level 2 of the Dungeon.
You visited 1 branch of the dungeon, and saw 3 of its levels.

You collected 82 gold pieces.

Inventory:

Hand Weapons
 k - a +0 long sword (weapon)
Armour
 a - a +0 robe (worn)
Scrolls
 d - a scroll of immolation {unknown}
 g - 2 scrolls of remove curse {unknown}
 i - 2 scrolls of identify {unknown}
 j - a scroll of fear {unknown}
 m - a scroll of fog {unknown}
Potions
 b - a potion of curing {unknown}
 c - a potion of brilliance
 e - a potion of heal wounds {unknown}
 f - 2 potions of flight {unknown}
 h - a potion of lignification {unknown}
 l - a potion of haste {unknown}


   Skills:
 * Level 0.7 Fighting
 + Level 0.1 Long Blades
 + Level 2.8 Dodging
 + Level 2.5 Stealth
 * Level 3.6 Spellcasting
 * Level 5.8 Conjurations


You had 7 spell levels left.
You knew the following spells:

 Your Spells              Type           Power        Failure   Level
a - Magic Dart            Conj           ####         1%          1
b - Searing Ray           Conj           #####.       1%          2

Your spell library contained the following spells:

 Spells                   Type           Power        Failure   Level
 Dazzling Flash           Conj/Hex       ####..       10%         3
 Fulminant Prism          Conj/Hex       ####......   32%         4
 Iskenderun's Mystic Bla  Conj/Tloc      ####....     32%         4


Dungeon Overview and Level Annotations

Branches:
Dungeon (3/15)

Altars:


Message History

Unknown command.
Unknown command.
Casting: Searing Ray (safe; 1% risk of failure)
Confirm with . or Enter, or press ? or * to list all spells.
Aiming: Searing Ray (safe; 1% risk of failure)
Press: ? - help, Shift-Dir - straight line, f - orc wizard
Aim: an orc wizard, wielding a +0 dagger of venom and wearing a +0 robe (moderately wounded)
The searing ray hits the orc wizard!
The orc wizard is almost dead. (Press . to maintain the ray.)
The orc wizard casts a spell at you. The magic dart hits you.
* * * LOW HITPOINT WARNING * * *
Unknown command.
Unknown command.
Unknown command.
It was a potion of brilliance.
You feel clever all of a sudden.
The orc wizard hits you with a +0 dagger of venom.
You die...

#.......># #.<.†#########
#....# #§.>.# #...)#
#...o# #....# #....#
#....# #...o# ######
#...†# #....# #....#
#....####....####....#
#...........))o@÷....#
##.######....####.#### #.#
#...#.....#.# #.#
#.#.#.#...#.######### #.#
#.#.#.#...#.........# #<#
#.#.#÷#...#.........#
#.####.....#...'.........#
#.....##.......#.........#
#####.########.#.........#


You could see an orc wizard.

Vanquished Creatures
  A worker ant (D:2)
  2 adders (D:2)
  A dart slug (D:2)
  A leopard gecko (D:2)
  2 orcs (D:2)
  6 bats
  2 giant cockroaches (D:2)
  6 hobgoblins
  6 jackals
  3 frilled lizards
  7 goblins (D:1)
  6 kobolds
  4 rats (D:1)
47 creatures vanquished.

Notes
Turn   | Place    | Note
-------+----------+-------------------------------------------
     0 | D:1      | Morbidden the Deep Elf Conjurer began the quest for the
                  | Orb.
     0 | D:1      | Reached XP level 1. HP: 10/10 MP: 6/6
   316 | D:1      | Reached XP level 2. HP: 15/15 MP: 6/8
   321 | D:1      | Learned a level 2 spell: Searing Ray
   577 | D:1      | Reached skill level 5 in Conjurations
   860 | D:2      | Reached XP level 3. HP: 15/19 MP: 4/9
  1552 | D:2      | Reached XP level 4. HP: 24/24 MP: 1/11
  1710 | D:2      | Slain by an orc wizard

Illustrated notes

Levels and vault maps discovered:
D:1:      dpeg_arrival_lava_temple_mockup, layout_basic,
          chequers_serial_rivers_large_a
D:2:      layout_basic
D:3:      kennysheep_the_goblin_king, layout_basic, tgw_sif,
          chequers_temple_overflow_minitemple, overflow_temple_1_default

Skill      XL: |  1  2 |
---------------+-------+-----
Conjurations   | 5 |  5.8
Fighting       | |  0.7
Long Blades    | |  0.1
Dodging        | |  2.8
Stealth        | |  2.5
Spellcasting   | |  3.6

Action                   |  1- 3 |  4- 6 || total
-------------------------+-------+-------++-------
Melee: Long sword        |     3 |     3 ||     6
 Cast: Magic Dart        |    61 |     4 ||    65
       Searing Ray       |     2 |     3 ||     5
  Use: Potion            |       |     1 ||     1
Armor: Robe              |     3 |       ||     3
Dodge: Dodged            |     3 |     9 ||    12
       Rpst.: Long sword |     1 |     1 ||     2

Table legend: (Time is in decaauts)
 A = Elapsed time spent in this place.
 B = Non-inter-level travel time spent in this place.
 C = Inter-level travel time spent in this place.
 D = Time resting spent in this place.
 E = Time spent auto-exploring this place.
 F = Levels seen in this place.
 G = Mean time per level.
                   A        B        C        D        E       F      G
               +--------+--------+--------+--------+--------+-----+--------+
         Total |   1720 |   1660 |     60 |     15 |   1478 |   3 |  573.3 |
       Dungeon |   1720 |   1660 |     60 |     15 |   1478 |   3 |  573.3 |
               +--------+--------+--------+--------+--------+-----+--------+

Top non-repeatable levels by time:
     D:1: 854 daAuts
     D:2: 853 daAuts
     D:3: 12 daAuts
